 Dungeon Crawl Stone Soup version 0.21.1-1-g345015f (console) character file.

1017 fly the Covert (level 8, -3/40 HPs)
             Began as a Spriggan Assassin on Apr 30, 2018.
             Was an Initiate of Gozag.
             Slain by an iguana (14 damage)
             ... on level 5 of the Dungeon.
             The game lasted 00:07:50 (4603 turns).

fly the Covert (Spriggan Assassin)                  Turns: 4603, Time: 00:07:50

Health: -3/40      AC:  3    Str:  7    XL:     8   Next: 2%
Magic:  23/24      EV: 23    Int: 13    God:    Gozag
Gold:   439        SH:  0    Dex: 19    Spells: 14/15 levels left

rFire    . . .     SeeInvis +   a - +2 dagger
rCold    + . .     Gourm    .   (shield restricted)
rNeg     . . .     Faith    .   y - +0 robe
rPois    .         Spirit   .   (helmet restricted)
rElec    .         Reflect  .   q - +0 cloak
rCorr    .         Harm     .   (gloves unavailable)
MR       +....                  (boots unavailable)
Stlth    ++++......             (no amulet)
HPRegen  0.13/turn              u - ring of magical power
MPRegen  0.19/turn              z - ring of protection from cold

@: gold aura, very quick
A: very small, unfitting armour, see invisible, herbivore, speed 3, slow
metabolism 2
a: Potion Petition, Call Merchant, Bribe Branch, Renounce Religion


You were on level 5 of the Dungeon.
You worshipped Gozag.
Gozag was aware of your devotion.
You were very hungry.

You visited 1 branch of the dungeon, and saw 5 of its levels.
You also visited: Sewer.

You collected 474 gold pieces.
You paid 35 gold pieces to Gozag.

Inventory:

Hand Weapons
 a - a +2 dagger (weapon)
 w - a +0 blowgun
Missiles
 e - 8 poisoned needles
 f - 2 curare-tipped needles
Armour
 q - a +0 cloak (worn)
 y - a +0 robe (worn)
Jewellery
 o - an uncursed ring of ice
 u - a ring of magical power (left hand)
 z - a ring of protection from cold (right hand)
Wands
 x - a wand of acid (6)
Scrolls
 c - 2 scrolls of remove curse
 d - 5 scrolls of magic mapping {unknown}
 h - 2 scrolls of immolation {unknown}
 j - 2 scrolls of fear {unknown}
 k - 6 scrolls of identify {unknown}
 r - a scroll of teleportation {unknown}
 t - a scroll of amnesia {unknown}
 B - a scroll of enchant armour {unknown}
 C - a scroll of enchant weapon {unknown}
Potions
 i - 2 potions of might {unknown}
 l - 4 potions of flight {unknown}
 m - 4 potions of heal wounds {unknown}
 n - 4 potions of haste {unknown}
 s - 2 potions of agility {unknown}
 v - 2 potions of curing
 A - 2 potions of ambrosia {unknown}
 D - a potion of resistance {unknown}
 E - a potion of magic {unknown}
Books
 p - a book of Misfortune

   Spells                             Type                      Level
   a - Confusing Touch                Hexes                        1
   b - Confuse                        Hexes                        3
   c - Gell's Gravitas                Translocation                3
   d - Petrify                        Transmutation/Earth          4
   e - Metabolic Englaciation         Hexes/Ice                    5
   f - Yara's Violent Unravelling     Hexes/Transmutation          5
Comestibles
 g - 11 rations


   Skills:
 - Level 3.0 Fighting
 - Level 6.0 Short Blades
 - Level 2.0 Throwing
 - Level 7.0 Dodging
 + Level 8.2 Stealth
 - Level 4.0 Spellcasting


You had 14 spell levels left.
You knew the following spells:

 Your Spells              Type           Power        Failure   Level  Hunger
z - Confusing Touch       Hex            #.....       21%         1    None


Dungeon Overview and Level Annotations

Branches:
Dungeon (5/15)
 Temple: D:4-7

Altars:
Gozag
Nemelex Xobeh


Innate Abilities, Weirdness & Mutations

You are very small and have problems with some larger weapons.
You are too small for most types of armour.
You have supernaturally acute eyesight. (SInv)
You are a herbivore.
You cover ground extremely quickly.
You need consume almost no food.


Message History

You hit the jackal.
The jackal is severely wounded.
The jackal bites you but does no damage.
You hit the jackal but do no damage.
The jackal is severely wounded.
The jackal bites you but does no damage.
You hit the jackal.
You kill the jackal!
Wield which item (- for none, * to show all)? (? for menu, Esc to quit)
You are now empty-handed.
Casting: Confusing Touch
Confirm with . or Enter, or press ? or * to list all spells.
Your hands begin to glow red.
The iguana completely misses you.
Really attack barehanded?
You hit the iguana but do no damage.
The iguana appears confused.
The iguana closely misses you.
a - a +2 dagger (weapon)
The iguana bites you!
You die...
Your body crumbles into a pile of gold.

# .... ###
####.#### ..# .....
#.#
################.#
#....#.......#.#
###.##.#)#####.#.##
...)##.#.# #...#..#
######.#.# #.###l#
#.#.# #.# #@# #.#.#
#.###.# #...#
#.....# #####
#######


You could see an iguana (confused).

Vanquished Creatures
  A water moccasin (D:5)
  A sky beast (D:2)
  4 big kobolds (Sewer)
  A bullfrog (D:4)
  A bullfrog zombie (D:2)
  2 bullfrog skeletons (D:4)
  An orc priest (D:4)
  An iguana (D:5)
  An orc wizard (D:4)
  2 worker ants (D:4)
  The ghost of Iko the Ducker, a weakling MfGl (D:3)
  12 adders
  2 river rats (Sewer)
  3 oozes
  An adder skeleton (D:3)
  4 worms
  A dart slug (D:2)
  3 leopard geckos
  7 orcs (D:4)
  5 ball pythons
  7 bats
  4 giant cockroaches
  7 goblins
  6 hobgoblins
  10 jackals
  12 kobolds
  3 quokkas
  4 frilled lizards
  4 rats
111 creatures vanquished.

Notes
Turn   | Place    | Note
-------+----------+-------------------------------------------
     0 | D:1      | fly the Spriggan Assassin began the quest for the Orb.
     0 | D:1      | Reached XP level 1. HP: 10/10 MP: 2/2
   117 | D:1      | Reached XP level 2. HP: 15/15 MP: 3/3
   561 | D:1      | Reached XP level 3. HP: 12/18 MP: 4/4
   859 | D:2      | Reached XP level 4. HP: 23/23 MP: 5/5
   901 | D:1      | HP: 1/23 [poisoned by an adder]
  1355 | D:2      | Noticed a sky beast
  1581 | D:2      | Reached skill level 6 in Stealth
  1756 | D:3      | Noticed Iko's ghost (weakling MfGl)
  1792 | D:3      | Killed Iko's ghost
  1903 | D:3      | Reached XP level 5. HP: 24/28 MP: 6/6
  2335 | D:3      | Learned a level 1 spell: Confusing Touch
  2516 | D:3      | Found a sparkling altar of Nemelex Xobeh.
  2517 | D:3      | Found an opulent altar of Gozag.
  2525 | D:3      | Became a worshipper of Gozag Ym Sagoz the Greedy
  2693 | D:2      | Killed a sky beast
  2693 | D:2      | Reached skill level 5 in Dodging
  2693 | D:2      | Reached XP level 6. HP: 26/32 MP: 5/7
  3132 | D:4      | Reached skill level 5 in Short Blades
  3350 | D:4      | Reached XP level 7. HP: 36/36 MP: 8/8
  3653 | D:5      | Entered Level 5 of the Dungeon
  3655 | D:5      | Found a glowing drain.
  3695 | Sewer    | Entered a sewer
  4365 | Sewer    | Reached skill level 7 in Stealth
  4439 | Sewer    | Reached skill level 8 in Stealth
  4544 | D:5      | Reached XP level 8. HP: 19/40 MP: 14/14
  4603 | D:5      | Slain by an iguana

Skill      XL: |  1  2  3  4  5  6  7  8 |
---------------+-------------------------+-----
Dodging        | 2 3 5 6 7 |  7.0
Fighting       | 2 3 |  3.0
Short Blades   | 3 4 5 6 |  6.0
Stealth        | 6 8 |  8.2
Spellcasting   | 3 4 |  4.0
Throwing       | |  2.0

Action                   |  1- 3 |  4- 6 |  7- 9 || total
-------------------------+-------+-------+-------++-------
Melee: Dagger            |    69 |   211 |   128 ||   408
       Short sword       |       |    38 |       ||    38
       Unarmed           |       |    16 |    20 ||    36
 Cast: Confusing Touch   |       |     5 |    11 ||    16
  Use: Potion            |       |     3 |     1 ||     4
       Scroll            |       |     1 |       ||     1
 Stab: Sleeping          |     8 |    12 |     6 ||    26
       Invisible         |       |     1 |       ||     1
       Confused          |       |     5 |    10 ||    15
       Distracted        |       |     1 |       ||     1
  Eat: Ration            |       |       |     1 ||     1
Armor: Robe              |     7 |    19 |     8 ||    34
Dodge: Dodged            |    51 |   194 |   128 ||   373
